WCHLSIM.com - West Coast Hockey League
html PUBLIC "-//W3C//DTD XHTML 1.0 Transitional//EN" "http://www.w3.org/TR/xhtml1/DTD/xhtml1-transitional.dtd"> WCHL - Game 135 - VANCOUVER VOODOO vs KANSAS CITY KILLERBEES

VANCOUVER VOODOO vs KANSAS CITY KILLERBEES

Created - 2 décembre 2020 at 22:29

Goals
1 2 3 T
VANCOUVER VOODOO 1 0 1 2
KANSAS CITY KILLERBEES 5 2 2 9
Shots
1 2 3 T
VANCOUVER VOODOO 4 3 7 14
KANSAS CITY KILLERBEES 14 16 9 39

1st period

1. KANSAS CITY KILLERBEES , Paul Stastny 5 (Tyler Ennis 5, Zach Parise 3) at 1:28
2. KANSAS CITY KILLERBEES , Max Domi 4 (Ryan Dzingel 1, Colin Miller 1) at 2:46 (PP)
3. KANSAS CITY KILLERBEES , Sean Couturier 5 (Mark Stone 8, Haydn Fleury 1) at 3:20
4. KANSAS CITY KILLERBEES , Zach Parise 2 (Paul Stastny 3, Oscar Fantenberg 3) at 6:14
5. KANSAS CITY KILLERBEES , Adam Larsson 1 (Haydn Fleury 2, Zach Parise 4) at 8:05
6. VANCOUVER VOODOO , Alexander Radulov 1 (Brendan Lemieux 2, Andrew Shaw 3) at 12:53 (PP)

Penalties :
Andrew Shaw (VAN) for Hooking (Minor) at 2:03, Nicolas Hague (VAN) for Hooking (Minor) at 9:42, Nicholas Ritchie (KCK) for Hooking (Minor) at 11:47, Jarred Tinordi (VAN) for Tripping (Minor) at 13:15

2nd period

7. KANSAS CITY KILLERBEES , Mark Stone 8 (Sean Couturier 12, Zach Hyman 4) at 4:58
8. KANSAS CITY KILLERBEES , Mark Stone 9 (Sean Couturier 13, Adam Larsson 1) at 5:38

Penalties :
Andrew Shaw (VAN) for Slashing (Minor) at 6:21, Brendan Guhle (VAN) for Hooking (Minor) at 17:30

3rd period

9. KANSAS CITY KILLERBEES , Nicholas Ritchie 4 (Max Domi 5, Josh Archibald 1) at 1:24
10. KANSAS CITY KILLERBEES , Tyler Ennis 1 (Paul Stastny 4, Zach Parise 5) at 7:27
11. VANCOUVER VOODOO , Noel Acciari 7 (Alexander Radulov 3, Brendan Lemieux 3) at 16:53

Penalties :
Mike Green (VAN) for Hooking (Minor) at 1:47, Cam Fowler (KCK) for Delaying the game (Minor) at 2:01, Curtis Lazar (VAN) for Roughing (Minor) at 7:54

Goalie Stats

Carey Price (VAN), 9 saves from 14 shots - (0,643), L, 3-2-1, 24:50 minutes
Martin Jones (VAN), 21 saves from 25 shots - (0,840), 35:10 minutes
Mikhail Berdin (KCK), 12 saves from 14 shots - (0,857), W, 1-1-0, 60:00 minutes

Players Stats for VANCOUVER VOODOO

Player Name              G  A  P  +/- PIM S  H  SB GA TA FO     MP     PP MP  PK MP  
------------------------------------------------------------------------------------
Alexander Radulov        1  1  2   1  0   3  0  0  0  0  0/1    16:40   0:44   0:00 
Andrew Shaw              0  1  1  -1  4   3  2  0  0  0  2/9    15:56   0:44   4:24 
Artturi Lehkonen         0  0  0  -1  0   2  0  0  0  0  0/1    16:59   0:36   5:03 
Brendan Guhle            0  0  0  -3  2   0  2  3  0  0  0/0    16:08   0:44   0:00 
Brendan Lemieux          0  2  2   1  0   0  2  0  0  0  0/1    16:40   0:44   0:00 
Curtis Lazar             0  0  0  -5  2   1  1  0  0  0  4/7    16:29   0:00   1:25 
Danny DeKeyser           0  0  0  -4  0   0  1  4  0  0  0/0    21:00   0:00   5:23 
Filip Chlapik            0  0  0  -2  0   1  3  0  0  0  4/10    5:27   0:00   0:00 
Jarred Tinordi           0  0  0   0  2   0  3  0  0  0  0/0    20:52   0:00   4:07 
Joel Armia               0  0  0  -5  0   1  4  1  0  0  0/0    20:15   0:36   5:49 
Lucas Wallmark           0  0  0  -1  0   0  0  0  0  0  3/10   10:50   0:00   0:00 
Mathew Dumba             0  0  0   0  0   0  1  0  0  0  0/0    22:06   0:36   5:29 
Max Jones                0  0  0  -2  0   0  0  0  0  0  0/0     5:27   0:00   0:00 
Mike Green               0  0  0  -4  2   0  2  2  0  0  0/0    21:14   0:44   5:24 
Nicolas Hague            0  0  0  -3  2   0  3  0  0  0  0/0    18:36   0:36   1:21 
Noel Acciari             1  0  1   1  0   3  0  0  0  0  8/21   20:59   0:00   5:03 
Paul Byron               0  0  0  -2  0   0  0  0  0  0  0/0     6:42   0:00   0:00 
Victor Rask              0  0  0  -5  0   0  0  0  0  0  7/19   14:56   0:36   0:00 

Players Stats for KANSAS CITY KILLERBEES

Player Name              G  A  P  +/- PIM S  H  SB GA TA FO     MP     PP MP  PK MP  
------------------------------------------------------------------------------------
Adam Larsson             1  1  2   5  0   2  1  2  0  0  0/0    18:29   0:25   0:46 
Cam Fowler               0  0  0  -1  2   0  0  1  0  0  0/0    22:57   6:15   0:00 
Colin Miller             0  1  1   2  0   0  3  0  0  0  0/0    20:14   6:08   0:34 
Haydn Fleury             0  2  2   5  0   0  0  0  0  0  0/0    21:21   4:11   0:46 
Jacob Muzzin             0  0  0   0  0   1  0  0  0  0  0/0    23:33   4:44   0:00 
Josh Archibald           0  1  1   0  0   0  0  0  0  0  0/0    11:08   0:00   0:20 
Mark Stone               2  1  3   3  0   8  2  0  0  0  1/2    23:19   5:24   0:00 
Max Domi                 1  1  2   0  0   3  0  0  0  0  5/10   16:10   5:28   0:00 
Nicholas Ritchie         1  0  1   0  2   4  0  0  0  0  0/0    11:01   0:00   0:14 
Oscar Fantenberg         0  1  1   3  0   0  2  1  0  0  0/0    13:25   0:00   0:34 
Oskar Sundqvist          0  0  0   0  0   0  0  0  0  0  2/4     3:20   0:00   0:00 
Paul Stastny             1  2  3   4  0   5  0  1  0  0  17/26  21:33   5:28   0:20 
Riley Sheahan            0  0  0   0  0   0  0  0  0  0  0/1     4:20   0:00   1:00 
Ryan Dzingel             0  1  1   0  0   0  0  0  0  0  0/0     8:48   5:28   0:00 
Sean Couturier           1  2  3   3  0   5  2  0  0  0  22/32  23:25   5:24   0:00 
Tyler Ennis              1  1  2   4  0   4  2  0  0  0  0/0    15:19   0:00   0:00 
Zach Hyman               0  1  1   3  0   1  1  0  0  0  1/1    23:12   5:24   0:46 
Zach Parise              1  3  4   4  0   6  2  0  0  0  3/3    15:19   0:00   0:00 

3 Stars

1 - Zach Parise (KCK)
2 - Mark Stone (KCK)
3 - Paul Stastny (KCK)

Power Play

VANCOUVER VOODOO - 1 on 2 Attempt(s) - 50,00%
KANSAS CITY KILLERBEES - 1 on 7 Attempt(s) - 14,29%

Penalty Kill

VANCOUVER VOODOO - 6 on 7 Attempt(s) - 85,71% - Score 0 goal in Penalty Kill
KANSAS CITY KILLERBEES - 1 on 2 Attempt(s) - 50,00% - Score 0 goal in Penalty Kill

Team Stat

VANCOUVER VOODOO - Hits : 24 - Faceoff Wins : 28 - Blocked Shots : 10 - Penalty Minutes : 14
KANSAS CITY KILLERBEES - Hits : 15 - Faceoff Wins : 51 - Blocked Shots : 5 - Penalty Minutes : 4

Official

Referees : Mitch Dunning and Pierre Lambert
Linesman : Neil Campbell and Libor Suchanek

Game Notes

Martin Jones enters game at 6:14 of 1st period
Carey Price enters game at 1:24 of 3rd period

Finance

Level 1 -- Attendance: 6500 (100,00%) -- Ticket Income 682 500 $
Level 2 -- Attendance: 5300 (100,00%) -- Ticket Income 339 200 $
Level 3 -- Attendance: 2500 (100,00%) -- Ticket Income 97 500 $
Level 4 -- Attendance: 4200 (100,00%) -- Ticket Income 117 600 $
Luxury Box -- Attendance: 1020 (100,00%) -- Ticket Income 206 040 $
Game was played at the Missouri Beehive Complex.
Total Attendance: 19520 (100,00%)
Total Ticket Income: 1 442 840 $
Other Income: 504 994 $
Total Income: 1 947 834 $

VANCOUVER VOODOO

5 vs 5 Forward 
   Center                   Left Wing                Right Wing               Time % Phy DF OF 
 1 Noel Acciari             Brendan Lemieux          Alexander Radulov        35     1   1  3  
 2 Victor Rask              Curtis Lazar             Joel Armia               31     2   1  2  
 3 Lucas Wallmark           Artturi Lehkonen         Andrew Shaw              26     2   2  1  
 4 Filip Chlapik            Max Jones                Paul Byron               8      1   2  2  

5 vs 5 Defense 
   Defense                  Defense                                           Time % Phy DF OF 
 1 Mathew Dumba             Jarred Tinordi                                    36     2   1  2  
 2 Danny DeKeyser           Mike Green                                        33     2   2  1  
 3 Brendan Guhle            Nicolas Hague                                     31     1   2  2  
 4 Mathew Dumba             Mike Green                                        0      1   2  2  

PowerPlay Forward 
   Center                   Left Wing                Right Wing               Time % Phy DF OF 
 1 Andrew Shaw              Brendan Lemieux          Alexander Radulov        50     1   1  3  
 2 Victor Rask              Artturi Lehkonen         Joel Armia               50     3   0  2  

PowerPlay Defense
   Defense                  Defense                                           Time % Phy DF OF 
 1 Mathew Dumba             Nicolas Hague                                     50     1   1  3  
 2 Brendan Guhle            Mike Green                                        50     1   2  2  

Penalty Kill 4 Players Forward 
   Center                   Wing                     Time % Phy DF OF 
 1 Noel Acciari             Artturi Lehkonen         50     1   4  0  
 2 Andrew Shaw              Joel Armia               50     2   2  1  

Penalty Kill 4 Players Defense
   Defense                  Defense                  Time % Phy DF OF 
 1 Danny DeKeyser           Jarred Tinordi           50     3   2  0  
 2 Mike Green               Mathew Dumba             50     1   3  1  

Penalty Kill - 3 Players Forward 
   Forward                                           Time % Phy DF OF 
 1 Noel Acciari                                      50     1   4  0  
 2 Victor Rask                                       50     2   3  0  

Penalty Kill - 3 Players Defense
   Defense                  Defense                  Time % Phy DF OF 
 1 Danny DeKeyser           Nicolas Hague            50     1   3  1  
 2 Jarred Tinordi           Mathew Dumba             50     2   3  0  

4 vs 4 Forward 
   Center                   Wing                     Time % Phy DF OF 
 1 Curtis Lazar             Paul Byron               55     1   2  2  
 2 Victor Rask              Artturi Lehkonen         45     1   3  1  

4 vs 4 Defense
   Defense                  Defense                  Time % Phy DF OF 
 1 Nicolas Hague            Mike Green               50     2   2  1  
 2 Jarred Tinordi           Brendan Guhle            50     1   1  3  

Last Minutes Offensive
   Center                   Left Wing                Right Wing               Defense                  Defense                  
   Noel Acciari             Artturi Lehkonen         Alexander Radulov        Mathew Dumba             Mike Green               

Last Minutes Defensive
   Center                   Left Wing                Right Wing               Defense                  Defense                  
   Noel Acciari             Curtis Lazar             Alexander Radulov        Mathew Dumba             Mike Green               

Goaltenders
Starting : Carey Price              
Backup : Martin Jones             

Extra Forwards
Normal : Filip Chlapik, Andrew Shaw, Max Jones - PP : Filip Chlapik, Lucas Wallmark - PK : Curtis Lazar
Extra Defensemen
Normal : Jarred Tinordi, Mathew Dumba, Danny DeKeyser - PP : Brendan Guhle - PK : Nicolas Hague, Danny DeKeyser
Penalty Shots
Joel Armia, Noel Acciari, Alexander Radulov, Lucas Wallmark, Artturi Lehkonen
Custom OT Lines Forwards
Alexander Radulov, Noel Acciari, Joel Armia, Artturi Lehkonen, Andrew Shaw, Curtis Lazar, Victor Rask, Brendan Lemieux, Paul Byron, Filip Chlapik
Custom OT Lines Defensemen
Mathew Dumba, Danny DeKeyser, Nicolas Hague, Mike Green, Brendan Guhle

Scratches
Bryan Little (Right Foot Injury), Cameron Gaunce (Torn Left Knee Ligaments Injury)

KANSAS CITY KILLERBEES

5 vs 5 Forward 
   Center                   Left Wing                Right Wing               Time % Phy DF OF 
 1 Sean Couturier           Zach Hyman               Mark Stone               36     1   2  2  
 2 Paul Stastny             Tyler Ennis              Zach Parise              34     1   2  2  
 3 Max Domi                 Nicholas Ritchie         Josh Archibald           23     1   2  2  
 4 Oskar Sundqvist          Riley Sheahan            Ryan Dzingel             7      1   2  2  

5 vs 5 Defense 
   Defense                  Defense                                           Time % Phy DF OF 
 1 Jacob Muzzin             Cam Fowler                                        36     1   2  2  
 2 Haydn Fleury             Adam Larsson                                      35     1   2  2  
 3 Colin Miller             Oscar Fantenberg                                  28     1   2  2  
 4 Adam Larsson             Jacob Muzzin                                      1      1   2  2  

PowerPlay Forward 
   Center                   Left Wing                Right Wing               Time % Phy DF OF 
 1 Sean Couturier           Zach Hyman               Mark Stone               55     1   2  2  
 2 Paul Stastny             Max Domi                 Ryan Dzingel             45     1   2  2  

PowerPlay Defense
   Defense                  Defense                                           Time % Phy DF OF 
 1 Colin Miller             Cam Fowler                                        50     1   2  2  
 2 Haydn Fleury             Jacob Muzzin                                      50     1   2  2  

Penalty Kill 4 Players Forward 
   Center                   Wing                     Time % Phy DF OF 
 1 Riley Sheahan            Nicholas Ritchie         55     1   2  2  
 2 Paul Stastny             Josh Archibald           45     1   2  2  

Penalty Kill 4 Players Defense
   Defense                  Defense                  Time % Phy DF OF 
 1 Haydn Fleury             Adam Larsson             50     1   2  2  
 2 Colin Miller             Oscar Fantenberg         50     1   2  2  

Penalty Kill - 3 Players Forward 
   Forward                                           Time % Phy DF OF 
 1 Riley Sheahan                                     55     1   2  2  
 2 Josh Archibald                                    45     1   2  2  

Penalty Kill - 3 Players Defense
   Defense                  Defense                  Time % Phy DF OF 
 1 Oscar Fantenberg         Adam Larsson             50     1   2  2  
 2 Haydn Fleury             Cam Fowler               50     1   2  2  

4 vs 4 Forward 
   Center                   Wing                     Time % Phy DF OF 
 1 Sean Couturier           Mark Stone               55     1   2  2  
 2 Paul Stastny             Zach Hyman               45     1   2  2  

4 vs 4 Defense
   Defense                  Defense                  Time % Phy DF OF 
 1 Jacob Muzzin             Cam Fowler               50     1   2  2  
 2 Haydn Fleury             Adam Larsson             50     1   2  2  

Last Minutes Offensive
   Center                   Left Wing                Right Wing               Defense                  Defense                  
   Sean Couturier           Zach Hyman               Mark Stone               Cam Fowler               Jacob Muzzin             

Last Minutes Defensive
   Center                   Left Wing                Right Wing               Defense                  Defense                  
   Sean Couturier           Nicholas Ritchie         Mark Stone               Adam Larsson             Jacob Muzzin             

Goaltenders
Starting : Mikhail Berdin           
Backup : John Gibson              

Extra Forwards
Normal : Mark Stone, Paul Stastny, Max Domi - PP : Nicholas Ritchie, Sean Couturier - PK : Zach Hyman
Extra Defensemen
Normal : Jacob Muzzin, Haydn Fleury, Cam Fowler - PP : Colin Miller - PK : Jacob Muzzin, Adam Larsson
Penalty Shots
Max Domi, Mark Stone, Sean Couturier, Zach Hyman, Paul Stastny
Custom OT Lines Forwards
Sean Couturier, Mark Stone, Paul Stastny, Zach Hyman, Max Domi, Tyler Ennis, Zach Parise, Oskar Sundqvist, Nicholas Ritchie, Josh Archibald
Custom OT Lines Defensemen
Jacob Muzzin, Cam Fowler, Adam Larsson, Haydn Fleury, Oscar Fantenberg

Scratches
None


% Time on Ice - VANCOUVER VOODOO

Lines # - Real PCT - Wanted PCT - Time Play
Normal Forward
1 - 35% - 35% - 15:56
2 - 30% - 31% - 13:50
3 - 24% - 26% - 10:50
4 - 12% - 8% - 5:27
Normal Defense
1 - 34% - 36% - 15:31
2 - 33% - 33% - 15:07
3 - 33% - 31% - 15:25
4 - 0% - 0% - 0:00
PP Forward
1 - 55% - 50% - 0:44
2 - 45% - 50% - 0:36
PP Defense
1 - 45% - 50% - 0:36
2 - 55% - 50% - 0:44
PK Forward
1 - 46% - 50% - 5:03
2 - 54% - 50% - 5:49
PK Defense
1 - 50% - 50% - 5:23
2 - 50% - 50% - 5:29
PK3 Forward
1 - 0% - 50%
2 - 0% - 50%
PK3 Defense
1 - 0% - 50%
2 - 0% - 50%
44 Forward
1 - 71% - 55% - 1:15
2 - 29% - 45% - 0:30
44 Defense
1 - 100% - 50% - 1:45
2 - 0% - 50% - 0:00
Last Minute Offensive  - 0:00
Last Minute Defensive  - 0:00
Total
Forward - 60:00
Defense - 60:00

% Time on Ice - KANSAS CITY KILLERBEES

Lines # - Real PCT - Wanted PCT - Time Play
Normal Forward
1 - 36% - 36% - 16:36
2 - 33% - 34% - 15:19
3 - 23% - 23% - 10:48
4 - 7% - 7% - 3:20
Normal Defense
1 - 36% - 36% - 16:42
2 - 33% - 35% - 15:17
3 - 28% - 28% - 12:51
4 - 3% - 1% - 1:13
PP Forward
1 - 50% - 55% - 5:24
2 - 50% - 45% - 5:28
PP Defense
1 - 54% - 50% - 5:50
2 - 46% - 50% - 5:02
PK Forward
1 - 75% - 55% - 1:00
2 - 25% - 45% - 0:20
PK Defense
1 - 58% - 50% - 0:46
2 - 43% - 50% - 0:34
PK3 Forward
1 - 0% - 55%
2 - 0% - 45%
PK3 Defense
1 - 0% - 50%
2 - 0% - 50%
44 Forward
1 - 75% - 55% - 1:19
2 - 25% - 45% - 0:26
44 Defense
1 - 90% - 50% - 1:35
2 - 10% - 50% - 0:10
Last Minute Offensive  - 0:00
Last Minute Defensive  - 0:00
Total
Forward - 60:00
Defense - 60:00

Play-by-Play

1st period


0:01 of 1st period - Sean Couturier wins face-off versus Noel Acciari in neutral zone.
1:12 of 1st period - Shot by Curtis Lazar.
1:12 of 1st period - Shot Misses the Net.
1:24 of 1st period - Shot by Tyler Ennis.
1:24 of 1st period - Shot Misses the Net.
1:26 of 1st period - Shot by Paul Stastny.
1:26 of 1st period - Shot Misses the Net.
1:28 of 1st period - Shot by Paul Stastny.
1:28 of 1st period - Goal by Paul Stastny - VANCOUVER VOODOO : 0 - KANSAS CITY KILLERBEES : 1.
1:29 of 1st period - Max Domi wins face-off versus Lucas Wallmark in neutral zone.
2:03 of 1st period - Minor Penalty to Andrew Shaw for Hooking.
2:04 of 1st period - Sean Couturier wins face-off versus Noel Acciari in VANCOUVER VOODOO zone.
2:05 of 1st period - Shot by Mark Stone.
2:05 of 1st period - Stopped by Carey Price without a rebound.
2:06 of 1st period - Sean Couturier wins face-off versus Curtis Lazar in VANCOUVER VOODOO zone.
2:15 of 1st period - Shot by Mark Stone.
2:15 of 1st period - Stopped by Carey Price without a rebound.
2:16 of 1st period - Zach Hyman wins face-off versus Noel Acciari in VANCOUVER VOODOO zone.
2:19 of 1st period - Shot by Sean Couturier.
2:19 of 1st period - Stopped by Carey Price without a rebound.
2:20 of 1st period - Paul Stastny wins face-off versus Artturi Lehkonen in VANCOUVER VOODOO zone.
2:46 of 1st period - Shot by Max Domi.
2:46 of 1st period - Goal by Max Domi - VANCOUVER VOODOO : 0 - KANSAS CITY KILLERBEES : 2.
2:47 of 1st period - Filip Chlapik wins face-off versus Sean Couturier in neutral zone.
2:47 of 1st period - Filip Chlapik is hit by Sean Couturier.
2:57 of 1st period - Haydn Fleury is hit by Filip Chlapik and loses puck.
3:20 of 1st period - Shot by Sean Couturier.
3:20 of 1st period - Goal by Sean Couturier - VANCOUVER VOODOO : 0 - KANSAS CITY KILLERBEES : 3.
3:21 of 1st period - Paul Stastny wins face-off versus Noel Acciari in neutral zone.
3:33 of 1st period - Noel Acciari is hit by Oscar Fantenberg and loses puck.
3:40 of 1st period - Shot by Noel Acciari.
3:40 of 1st period - Stopped by Mikhail Berdin with a rebound.
3:59 of 1st period - Brendan Lemieux is hit by Oscar Fantenberg and loses puck.
4:23 of 1st period - Off-side.
4:24 of 1st period - Max Domi wins face-off versus Lucas Wallmark in neutral zone.
4:35 of 1st period - Shot by Andrew Shaw.
4:35 of 1st period - Stopped by Mikhail Berdin with a rebound.
5:14 of 1st period - Off-side.
5:15 of 1st period - Victor Rask wins face-off versus Oskar Sundqvist in neutral zone.
5:46 of 1st period - Cam Fowler is hit by Curtis Lazar and loses puck.
5:52 of 1st period - Jacob Muzzin is hit by Mike Green.
6:14 of 1st period - Shot by Zach Parise.
6:14 of 1st period - Goal by Zach Parise - VANCOUVER VOODOO : 0 - KANSAS CITY KILLERBEES : 4.
6:14 of 1st period - Martin Jones enters game.
6:15 of 1st period - Sean Couturier wins face-off versus Noel Acciari in neutral zone.
6:58 of 1st period - Icing by Noel Acciari.
6:59 of 1st period - Paul Stastny wins face-off versus Noel Acciari in VANCOUVER VOODOO zone.
7:11 of 1st period - Shot by Zach Parise.
7:11 of 1st period - Stopped by Martin Jones without a rebound.
7:12 of 1st period - Lucas Wallmark wins face-off versus Max Domi in VANCOUVER VOODOO zone.
7:25 of 1st period - Icing by Jacob Muzzin.
7:26 of 1st period - Filip Chlapik wins face-off versus Max Domi in KANSAS CITY KILLERBEES zone.
7:49 of 1st period - Shot by Nicholas Ritchie.
7:49 of 1st period - Stopped by Martin Jones without a rebound.
7:50 of 1st period - Paul Stastny wins face-off versus Victor Rask in VANCOUVER VOODOO zone.
8:01 of 1st period - Shot by Zach Parise.
8:01 of 1st period - Stopped by Martin Jones with a rebound.
8:03 of 1st period - Shot by Haydn Fleury.
8:03 of 1st period - Shot Blocked by Joel Armia.
8:05 of 1st period - Shot by Adam Larsson.
8:05 of 1st period - Goal by Adam Larsson - VANCOUVER VOODOO : 0 - KANSAS CITY KILLERBEES : 5.
8:06 of 1st period - Sean Couturier wins face-off versus Lucas Wallmark in neutral zone.
8:19 of 1st period - Mark Stone is hit by Andrew Shaw and loses puck.
8:30 of 1st period - Shot by Sean Couturier.
8:30 of 1st period - Stopped by Martin Jones with a rebound.
8:32 of 1st period - Shot by Mark Stone.
8:32 of 1st period - Shot Misses the Net.
8:34 of 1st period - Shot by Sean Couturier.
8:34 of 1st period - Shot Misses the Net.
8:36 of 1st period - Shot by Mark Stone.
8:36 of 1st period - Stopped by Martin Jones with a rebound.
9:33 of 1st period - Shot by Zach Parise.
9:33 of 1st period - Shot Misses the Net.
9:35 of 1st period - Shot by Tyler Ennis.
9:35 of 1st period - Stopped by Martin Jones without a rebound.
9:36 of 1st period - Max Domi wins face-off versus Victor Rask in VANCOUVER VOODOO zone.
9:40 of 1st period - Nicholas Ritchie is hit by Brendan Guhle and loses puck.
9:42 of 1st period - Minor Penalty to Nicolas Hague for Hooking.
9:43 of 1st period - Paul Stastny wins face-off versus Andrew Shaw in VANCOUVER VOODOO zone.
9:43 of 1st period - Paul Stastny is hit by Mathew Dumba.
10:40 of 1st period - Shot by Artturi Lehkonen.
10:40 of 1st period - Shot Blocked by Cam Fowler.
10:53 of 1st period - Icing by Cam Fowler.
10:54 of 1st period - Paul Stastny wins face-off versus Andrew Shaw in KANSAS CITY KILLERBEES zone.
11:47 of 1st period - Minor Penalty to Nicholas Ritchie for Hooking.
11:48 of 1st period - Victor Rask wins face-off versus Riley Sheahan in KANSAS CITY KILLERBEES zone.
12:17 of 1st period - Shot by Joel Armia.
12:17 of 1st period - Shot Misses the Net.
12:19 of 1st period - Shot by Nicolas Hague.
12:19 of 1st period - Shot Misses the Net.
12:29 of 1st period - Shot by Alexander Radulov.
12:29 of 1st period - Shot Blocked by Adam Larsson.
12:53 of 1st period - Shot by Alexander Radulov.
12:53 of 1st period - Goal by Alexander Radulov - VANCOUVER VOODOO : 1 - KANSAS CITY KILLERBEES : 5.
12:54 of 1st period - Max Domi wins face-off versus Filip Chlapik in neutral zone.
12:54 of 1st period - Josh Archibald is hit by Filip Chlapik and loses puck.
13:15 of 1st period - Minor Penalty to Jarred Tinordi for Tripping.
13:16 of 1st period - Sean Couturier wins face-off versus Noel Acciari in VANCOUVER VOODOO zone.
13:36 of 1st period - Icing by Sean Couturier.
13:37 of 1st period - Sean Couturier wins face-off versus Andrew Shaw in KANSAS CITY KILLERBEES zone.
14:35 of 1st period - Shot by Max Domi.
14:35 of 1st period - Shot Misses the Net.
14:37 of 1st period - Shot by Max Domi.
14:37 of 1st period - Shot Misses the Net.
15:36 of 1st period - Shot by Max Jones.
15:36 of 1st period - Shot Misses the Net.
15:38 of 1st period - Shot by Filip Chlapik.
15:38 of 1st period - Shot Misses the Net.
16:39 of 1st period - Shot by Alexander Radulov.
16:39 of 1st period - Shot Hit the Post.
16:41 of 1st period - Shot by Alexander Radulov.
16:41 of 1st period - Shot Misses the Net.
16:43 of 1st period - Shot by Noel Acciari.
16:43 of 1st period - Shot Misses the Net.
16:45 of 1st period - Shot by Noel Acciari.
16:45 of 1st period - Stopped by Mikhail Berdin without a rebound.
16:46 of 1st period - Sean Couturier wins face-off versus Andrew Shaw in KANSAS CITY KILLERBEES zone.
17:07 of 1st period - Icing by Sean Couturier.
17:08 of 1st period - Noel Acciari wins face-off versus Mark Stone in KANSAS CITY KILLERBEES zone.
19:44 of 1st period - Icing by Joel Armia.
19:45 of 1st period - Mark Stone wins face-off versus Victor Rask in VANCOUVER VOODOO zone.
Goals for this period are 1 for VANCOUVER VOODOO vs 5 for KANSAS CITY KILLERBEES.
Shots for this period are 4 for VANCOUVER VOODOO vs 14 for KANSAS CITY KILLERBEES.

2nd period


0:01 of 2nd period - Lucas Wallmark wins face-off versus Paul Stastny in neutral zone.
0:16 of 2nd period - Shot by Zach Parise.
0:16 of 2nd period - Shot Misses the Net.
0:18 of 2nd period - Shot by Tyler Ennis.
0:18 of 2nd period - Shot Misses the Net.
0:20 of 2nd period - Shot by Paul Stastny.
0:20 of 2nd period - Stopped by Martin Jones without a rebound.
0:21 of 2nd period - Sean Couturier wins face-off versus Victor Rask in VANCOUVER VOODOO zone.
0:30 of 2nd period - Shot by Sean Couturier.
0:30 of 2nd period - Shot Misses the Net.
0:32 of 2nd period - Shot by Jacob Muzzin.
0:32 of 2nd period - Stopped by Martin Jones without a rebound.
0:33 of 2nd period - Lucas Wallmark wins face-off versus Paul Stastny in VANCOUVER VOODOO zone.
0:53 of 2nd period - Shot by Artturi Lehkonen.
0:53 of 2nd period - Stopped by Mikhail Berdin without a rebound.
0:54 of 2nd period - Sean Couturier wins face-off versus Victor Rask in KANSAS CITY KILLERBEES zone.
0:54 of 2nd period - Mark Stone is hit by Joel Armia and loses puck.
1:01 of 2nd period - Shot by Joel Armia.
1:01 of 2nd period - Stopped by Mikhail Berdin without a rebound.
1:02 of 2nd period - Sean Couturier wins face-off versus Noel Acciari in KANSAS CITY KILLERBEES zone.
1:13 of 2nd period - Noel Acciari is hit by Zach Hyman and loses puck.
1:46 of 2nd period - Shot by Sean Couturier.
1:46 of 2nd period - Shot Blocked by Danny DeKeyser.
2:31 of 2nd period - Shot by Tyler Ennis.
2:31 of 2nd period - Shot Misses the Net.
4:58 of 2nd period - Shot by Mark Stone.
4:58 of 2nd period - Goal by Mark Stone - VANCOUVER VOODOO : 1 - KANSAS CITY KILLERBEES : 6.
4:59 of 2nd period - Paul Stastny wins face-off versus Andrew Shaw in neutral zone.
5:04 of 2nd period - Shot by Zach Parise.
5:04 of 2nd period - Deflect By Tyler Ennis.
5:04 of 2nd period - Shot Misses the Net.
5:12 of 2nd period - Shot by Zach Parise.
5:12 of 2nd period - Stopped by Martin Jones without a rebound.
5:13 of 2nd period - Sean Couturier wins face-off versus Filip Chlapik in VANCOUVER VOODOO zone.
5:20 of 2nd period - Shot by Paul Byron.
5:20 of 2nd period - Shot Misses the Net.
5:38 of 2nd period - Shot by Mark Stone.
5:38 of 2nd period - Goal by Mark Stone - VANCOUVER VOODOO : 1 - KANSAS CITY KILLERBEES : 7.
5:39 of 2nd period - Paul Stastny wins face-off versus Lucas Wallmark in neutral zone.
5:46 of 2nd period - Shot by Zach Parise.
5:46 of 2nd period - Stopped by Martin Jones without a rebound.
5:47 of 2nd period - Zach Parise wins face-off versus Lucas Wallmark in VANCOUVER VOODOO zone.
5:47 of 2nd period - Zach Parise is hit by Nicolas Hague.
6:21 of 2nd period - Minor Penalty to Andrew Shaw for Slashing.
6:22 of 2nd period - Sean Couturier wins face-off versus Curtis Lazar in VANCOUVER VOODOO zone.
6:43 of 2nd period - Icing by Cam Fowler.
6:44 of 2nd period - Curtis Lazar wins face-off versus Sean Couturier in KANSAS CITY KILLERBEES zone.
7:30 of 2nd period - Icing by Paul Stastny.
7:31 of 2nd period - Curtis Lazar wins face-off versus Paul Stastny in KANSAS CITY KILLERBEES zone.
7:57 of 2nd period - Icing by Jacob Muzzin.
7:58 of 2nd period - Noel Acciari wins face-off versus Paul Stastny in KANSAS CITY KILLERBEES zone.
8:12 of 2nd period - Shot by Paul Stastny.
8:12 of 2nd period - Stopped by Martin Jones with a rebound.
8:23 of 2nd period - Icing by Max Jones.
8:24 of 2nd period - Filip Chlapik wins face-off versus Sean Couturier in VANCOUVER VOODOO zone.
8:24 of 2nd period - Filip Chlapik is hit by Mark Stone.
8:45 of 2nd period - Sean Couturier is hit by Nicolas Hague.
8:55 of 2nd period - Shot by Max Jones.
8:55 of 2nd period - Shot Misses the Net.
9:39 of 2nd period - Shot by Curtis Lazar.
9:39 of 2nd period - Shot Misses the Net.
10:18 of 2nd period - Shot by Max Domi.
10:18 of 2nd period - Stopped by Martin Jones without a rebound.
10:19 of 2nd period - Oskar Sundqvist wins face-off versus Alexander Radulov in VANCOUVER VOODOO zone.
10:32 of 2nd period - Icing by Brendan Guhle.
10:33 of 2nd period - Sean Couturier wins face-off versus Noel Acciari in VANCOUVER VOODOO zone.
10:55 of 2nd period - Shot by Zach Hyman.
10:55 of 2nd period - Stopped by Martin Jones with a rebound.
10:57 of 2nd period - Shot by Mark Stone.
10:57 of 2nd period - Stopped by Martin Jones without a rebound.
10:58 of 2nd period - Paul Stastny wins face-off versus Victor Rask in VANCOUVER VOODOO zone.
11:26 of 2nd period - Curtis Lazar is hit by Adam Larsson.
11:36 of 2nd period - Shot by Tyler Ennis.
11:36 of 2nd period - Stopped by Martin Jones without a rebound.
11:37 of 2nd period - Sean Couturier wins face-off versus Lucas Wallmark in VANCOUVER VOODOO zone.
11:43 of 2nd period - Sean Couturier is hit by Danny DeKeyser and loses puck.
11:46 of 2nd period - Shot by Sean Couturier.
11:46 of 2nd period - Shot Blocked by Danny DeKeyser.
11:48 of 2nd period - Shot by Mark Stone.
11:48 of 2nd period - Shot Misses the Net.
11:54 of 2nd period - Shot by Mark Stone.
11:54 of 2nd period - Stopped by Martin Jones with a rebound.
11:56 of 2nd period - Shot by Mark Stone.
11:56 of 2nd period - Deflect By Zach Hyman.
11:56 of 2nd period - Shot Misses the Net.
12:24 of 2nd period - Shot by Sean Couturier.
12:24 of 2nd period - Stopped by Martin Jones with a rebound.
13:00 of 2nd period - Shot by Alexander Radulov.
13:00 of 2nd period - Deflect By Noel Acciari.
13:00 of 2nd period - Shot Blocked by Oscar Fantenberg.
13:02 of 2nd period - Shot by Alexander Radulov.
13:02 of 2nd period - Stopped by Mikhail Berdin without a rebound.
13:03 of 2nd period - Paul Stastny wins face-off versus Victor Rask in KANSAS CITY KILLERBEES zone.
13:03 of 2nd period - Paul Stastny is hit by Joel Armia.
13:42 of 2nd period - Shot by Zach Parise.
13:42 of 2nd period - Deflect By Paul Stastny.
13:42 of 2nd period - Stopped by Martin Jones without a rebound.
13:43 of 2nd period - Sean Couturier wins face-off versus Noel Acciari in VANCOUVER VOODOO zone.
14:20 of 2nd period - Shot by Mark Stone.
14:20 of 2nd period - Deflect By Zach Hyman.
14:20 of 2nd period - Shot Misses the Net.
14:27 of 2nd period - Icing by Brendan Guhle.
14:28 of 2nd period - Noel Acciari wins face-off versus Max Domi in VANCOUVER VOODOO zone.
14:34 of 2nd period - Noel Acciari is hit by Colin Miller and loses puck.
14:50 of 2nd period - Max Domi is hit by Jarred Tinordi and loses puck.
15:12 of 2nd period - Andrew Shaw is hit by Colin Miller and loses puck.
15:15 of 2nd period - Shot by Artturi Lehkonen.
15:15 of 2nd period - Shot Misses the Net.
15:17 of 2nd period - Shot by Andrew Shaw.
15:17 of 2nd period - Shot Misses the Net.
15:36 of 2nd period - Icing by Danny DeKeyser.
15:37 of 2nd period - Victor Rask wins face-off versus Paul Stastny in VANCOUVER VOODOO zone.
15:50 of 2nd period - Shot by Curtis Lazar.
15:50 of 2nd period - Deflect By Joel Armia.
15:50 of 2nd period - Shot Blocked by Adam Larsson.
16:03 of 2nd period - Shot by Joel Armia.
16:03 of 2nd period - Shot Misses the Net.
16:30 of 2nd period - Icing by Haydn Fleury.
16:31 of 2nd period - Paul Stastny wins face-off versus Noel Acciari in KANSAS CITY KILLERBEES zone.
16:31 of 2nd period - Paul Stastny is hit by Brendan Lemieux.
16:37 of 2nd period - Nicolas Hague is hit by Tyler Ennis and loses puck.
16:52 of 2nd period - Shot by Sean Couturier.
16:52 of 2nd period - Deflect By Mark Stone.
16:52 of 2nd period - Shot Misses the Net.
17:30 of 2nd period - Minor Penalty to Brendan Guhle for Hooking.
17:31 of 2nd period - Andrew Shaw wins face-off versus Paul Stastny in VANCOUVER VOODOO zone.
17:42 of 2nd period - Shot by Ryan Dzingel.
17:42 of 2nd period - Deflect By Max Domi.
17:42 of 2nd period - Shot Blocked by Mike Green.
17:44 of 2nd period - Shot by Max Domi.
17:44 of 2nd period - Stopped by Martin Jones without a rebound.
17:45 of 2nd period - Andrew Shaw wins face-off versus Paul Stastny in VANCOUVER VOODOO zone.
18:12 of 2nd period - Shot by Ryan Dzingel.
18:12 of 2nd period - Shot Blocked by Danny DeKeyser.
18:40 of 2nd period - Shot by Mark Stone.
18:40 of 2nd period - Stopped by Martin Jones without a rebound.
18:41 of 2nd period - Sean Couturier wins face-off versus Andrew Shaw in VANCOUVER VOODOO zone.
19:40 of 2nd period - Shot by Max Domi.
19:40 of 2nd period - Shot Blocked by Brendan Guhle.
Goals for this period are 0 for VANCOUVER VOODOO vs 2 for KANSAS CITY KILLERBEES.
Shots for this period are 3 for VANCOUVER VOODOO vs 16 for KANSAS CITY KILLERBEES.

3rd period


0:01 of 3rd period - Sean Couturier wins face-off versus Victor Rask in neutral zone.
0:29 of 3rd period - Mark Stone is hit by Jarred Tinordi and loses puck.
0:53 of 3rd period - Icing by Mathew Dumba.
0:54 of 3rd period - Victor Rask wins face-off versus Paul Stastny in VANCOUVER VOODOO zone.
0:54 of 3rd period - Victor Rask is hit by Zach Parise.
1:05 of 3rd period - Tyler Ennis is hit by Jarred Tinordi and loses puck.
1:14 of 3rd period - Shot by Tyler Ennis.
1:14 of 3rd period - Stopped by Martin Jones without a rebound.
1:15 of 3rd period - Max Domi wins face-off versus Andrew Shaw in VANCOUVER VOODOO zone.
1:22 of 3rd period - Shot by Max Domi.
1:22 of 3rd period - Shot Misses the Net.
1:24 of 3rd period - Shot by Nicholas Ritchie.
1:24 of 3rd period - Goal by Nicholas Ritchie - VANCOUVER VOODOO : 1 - KANSAS CITY KILLERBEES : 8.
1:24 of 3rd period - Carey Price enters game.
1:25 of 3rd period - Paul Stastny wins face-off versus Noel Acciari in neutral zone.
1:25 of 3rd period - Zach Parise is hit by Brendan Lemieux and loses puck.
1:47 of 3rd period - Minor Penalty to Mike Green for Hooking.
1:48 of 3rd period - Noel Acciari wins face-off versus Sean Couturier in VANCOUVER VOODOO zone.
1:48 of 3rd period - Noel Acciari is hit by Mark Stone.
2:01 of 3rd period - Minor Penalty to Cam Fowler for Delaying the game.
2:02 of 3rd period - Curtis Lazar wins face-off versus Sean Couturier in KANSAS CITY KILLERBEES zone.
2:05 of 3rd period - Shot by Curtis Lazar.
2:05 of 3rd period - Shot Misses the Net.
2:07 of 3rd period - Shot by Curtis Lazar.
2:07 of 3rd period - Shot Misses the Net.
2:09 of 3rd period - Shot by Jarred Tinordi.
2:09 of 3rd period - Shot Misses the Net.
2:11 of 3rd period - Shot by Curtis Lazar.
2:11 of 3rd period - Stopped by Mikhail Berdin without a rebound.
2:12 of 3rd period - Curtis Lazar wins face-off versus Sean Couturier in KANSAS CITY KILLERBEES zone.
2:29 of 3rd period - Icing by Jarred Tinordi.
2:30 of 3rd period - Sean Couturier wins face-off versus Curtis Lazar in VANCOUVER VOODOO zone.
2:39 of 3rd period - Shot by Sean Couturier.
2:39 of 3rd period - Shot Misses the Net.
3:21 of 3rd period - Off-side.
3:22 of 3rd period - Victor Rask wins face-off versus Paul Stastny in neutral zone.
3:32 of 3rd period - Shot by Zach Hyman.
3:32 of 3rd period - Shot Blocked by Danny DeKeyser.
3:34 of 3rd period - Shot by Adam Larsson.
3:34 of 3rd period - Stopped by Carey Price without a rebound.
3:35 of 3rd period - Sean Couturier wins face-off versus Victor Rask in VANCOUVER VOODOO zone.
4:06 of 3rd period - Shot by Danny DeKeyser.
4:06 of 3rd period - Shot Misses the Net.
4:08 of 3rd period - Shot by Lucas Wallmark.
4:08 of 3rd period - Shot Misses the Net.
4:52 of 3rd period - Shot by Sean Couturier.
4:52 of 3rd period - Shot Misses the Net.
5:11 of 3rd period - Shot by Sean Couturier.
5:11 of 3rd period - Shot Blocked by Mike Green.
5:13 of 3rd period - Shot by Sean Couturier.
5:13 of 3rd period - Stopped by Carey Price without a rebound.
5:14 of 3rd period - Noel Acciari wins face-off versus Max Domi in VANCOUVER VOODOO zone.
6:17 of 3rd period - Icing by Adam Larsson.
6:18 of 3rd period - Sean Couturier wins face-off versus Filip Chlapik in KANSAS CITY KILLERBEES zone.
6:18 of 3rd period - Mark Stone is hit by Filip Chlapik and loses puck.
6:38 of 3rd period - Zach Hyman is hit by Nicolas Hague and loses puck.
6:48 of 3rd period - Mark Stone is hit by Brendan Guhle.
7:17 of 3rd period - Icing by Joel Armia.
7:18 of 3rd period - Zach Parise wins face-off versus Victor Rask in VANCOUVER VOODOO zone.
7:25 of 3rd period - Shot by Paul Stastny.
7:25 of 3rd period - Shot Misses the Net.
7:27 of 3rd period - Shot by Tyler Ennis.
7:27 of 3rd period - Goal by Tyler Ennis - VANCOUVER VOODOO : 1 - KANSAS CITY KILLERBEES : 9.
7:28 of 3rd period - Paul Stastny wins face-off versus Noel Acciari in neutral zone.
7:31 of 3rd period - Noel Acciari is hit by Tyler Ennis and loses puck.
7:52 of 3rd period - Icing by Jacob Muzzin.
7:53 of 3rd period - Paul Stastny wins face-off versus Victor Rask in KANSAS CITY KILLERBEES zone.
7:53 of 3rd period - Paul Stastny is hit by Joel Armia.
7:54 of 3rd period - Minor Penalty to Curtis Lazar for Roughing.
7:55 of 3rd period - Noel Acciari wins face-off versus Sean Couturier in VANCOUVER VOODOO zone.
8:01 of 3rd period - Icing by Sean Couturier.
8:02 of 3rd period - Noel Acciari wins face-off versus Sean Couturier in KANSAS CITY KILLERBEES zone.
10:14 of 3rd period - Shot by Zach Parise.
10:14 of 3rd period - Stopped by Carey Price without a rebound.
10:15 of 3rd period - Victor Rask wins face-off versus Max Domi in VANCOUVER VOODOO zone.
10:33 of 3rd period - Icing by Nicolas Hague.
10:34 of 3rd period - Victor Rask wins face-off versus Sean Couturier in VANCOUVER VOODOO zone.
10:44 of 3rd period - Icing by Zach Hyman.
10:45 of 3rd period - Noel Acciari wins face-off versus Sean Couturier in KANSAS CITY KILLERBEES zone.
10:48 of 3rd period - Shot by Noel Acciari.
10:48 of 3rd period - Shot Misses the Net.
11:18 of 3rd period - Noel Acciari is hit by Sean Couturier and loses puck.
11:42 of 3rd period - Shot by Andrew Shaw.
11:42 of 3rd period - Stopped by Mikhail Berdin with a rebound.
11:44 of 3rd period - Shot by Artturi Lehkonen.
11:44 of 3rd period - Stopped by Mikhail Berdin with a rebound.
12:56 of 3rd period - Shot by Curtis Lazar.
12:56 of 3rd period - Shot Blocked by Paul Stastny.
13:06 of 3rd period - Joel Armia is hit by Zach Parise and loses puck.
13:19 of 3rd period - Shot by Tyler Ennis.
13:19 of 3rd period - Deflect By Zach Parise.
13:19 of 3rd period - Shot Blocked by Brendan Guhle.
13:21 of 3rd period - Shot by Cam Fowler.
13:21 of 3rd period - Deflect By Paul Stastny.
13:21 of 3rd period - Stopped by Carey Price with a rebound.
13:49 of 3rd period - Shot by Nicholas Ritchie.
13:49 of 3rd period - Shot Blocked by Brendan Guhle.
14:01 of 3rd period - Shot by Josh Archibald.
14:01 of 3rd period - Shot Misses the Net.
14:03 of 3rd period - Shot by Nicholas Ritchie.
14:03 of 3rd period - Stopped by Carey Price with a rebound.
14:05 of 3rd period - Shot by Nicholas Ritchie.
14:05 of 3rd period - Stopped by Carey Price without a rebound.
14:06 of 3rd period - Oskar Sundqvist wins face-off versus Brendan Lemieux in VANCOUVER VOODOO zone.
14:09 of 3rd period - Shot by Ryan Dzingel.
14:09 of 3rd period - Shot Misses the Net.
14:43 of 3rd period - Shot by Alexander Radulov.
14:43 of 3rd period - Stopped by Mikhail Berdin without a rebound.
14:44 of 3rd period - Paul Stastny wins face-off versus Lucas Wallmark in KANSAS CITY KILLERBEES zone.
15:10 of 3rd period - Artturi Lehkonen is hit by Colin Miller and loses puck.
15:20 of 3rd period - Zach Parise is hit by Mike Green and loses puck.
15:56 of 3rd period - Sean Couturier is hit by Andrew Shaw and loses puck.
16:51 of 3rd period - Shot by Alexander Radulov.
16:51 of 3rd period - Shot Misses the Net.
16:53 of 3rd period - Shot by Noel Acciari.
16:53 of 3rd period - Goal by Noel Acciari - VANCOUVER VOODOO : 2 - KANSAS CITY KILLERBEES : 9.
16:54 of 3rd period - Filip Chlapik wins face-off versus Oskar Sundqvist in neutral zone.
17:03 of 3rd period - Shot by Filip Chlapik.
17:03 of 3rd period - Stopped by Mikhail Berdin without a rebound.
17:04 of 3rd period - Paul Stastny wins face-off versus Victor Rask in KANSAS CITY KILLERBEES zone.
17:04 of 3rd period - Paul Stastny is hit by Joel Armia.
17:21 of 3rd period - Shot by Brendan Guhle.
17:21 of 3rd period - Deflect By Joel Armia.
17:21 of 3rd period - Shot Misses the Net.
17:23 of 3rd period - Shot by Curtis Lazar.
17:23 of 3rd period - Shot Misses the Net.
18:19 of 3rd period - Shot by Sean Couturier.
18:19 of 3rd period - Shot Misses the Net.
18:21 of 3rd period - Shot by Sean Couturier.
18:21 of 3rd period - Shot Misses the Net.
18:54 of 3rd period - Shot by Max Domi.
18:54 of 3rd period - Shot Misses the Net.
19:33 of 3rd period - Shot by Andrew Shaw.
19:33 of 3rd period - Stopped by Mikhail Berdin without a rebound.
19:34 of 3rd period - Zach Parise wins face-off versus Filip Chlapik in KANSAS CITY KILLERBEES zone.
19:50 of 3rd period - Icing by Filip Chlapik.
19:51 of 3rd period - Sean Couturier wins face-off versus Filip Chlapik in VANCOUVER VOODOO zone.
19:55 of 3rd period - Icing by Filip Chlapik.
19:56 of 3rd period - Paul Stastny wins face-off versus Filip Chlapik in VANCOUVER VOODOO zone.
Goals for this period are 1 for VANCOUVER VOODOO vs 2 for KANSAS CITY KILLERBEES.
Shots for this period are 7 for VANCOUVER VOODOO vs 9 for KANSAS CITY KILLERBEES.


DARCY
KUEMPER
JAKE
OETTINGER
NINO
NIEDERREITER

EAST COAST

HOCKEY LEAGUE

  • 1.CHI2QUE4
  • 2.LIM2CHA3
  • 3.LON3TRV5
  • 4.BAL5CHW6
  • 5.MANPIT
  • 6.NHWATL
  • 7.PETWOR
  • 8.RHI